 Dungeon Sprint DCSS version 0.18-a0-1351-gaffb144 (webtiles) character file.

2839 sugabear the End of an Era (level 9, -4/75 (76) HPs)
             Began as a Demonspawn Gladiator on Feb 18, 2016.
             Was the Champion of Qazlal.
             Killed from afar by a vampire mage (34 damage)
             ... with a bolt of negative energy
             ... in the Dungeon (Sprint VII: "The Pits").
             The game lasted 00:04:18 (1738 turns).

sugabear the End of an Era (Demonspawn Gladiator)   Turns: 1738, Time: 00:04:18

HP:   -4/75 (76)    AC: 21    Str: 18    XL:     9   Next: 46%
MP:   14/18         EV: 15    Int:  9    God:    Qazlal [******]
Gold: 0             SH:  8    Dex: 14    Spells: 0 memorised, 8 levels left

rFire  . . .     SeeInvis .     x - +4 quarterstaff (speed)
rCold  . . .     Gourm    .     u - +4 scale mail
rNeg   . . .     Faith    .     (shield currently unavailable)
rPois  .         Spirit   .     (helmet restricted)
rElec  .         Dismiss  .     (no cloak)
rCorr  .         Reflect  .     (no gloves)
SustAt .         Harm     .     (no boots)
MR     .....     NoTele   +     (no amulet)
Stlth  +.........               w - +3 ring of protection
                                v - +3 ring of protection

@: repel missiles, drained, not resistant to hostile enchantments, very
unstealthy
A: horns 1, rough black scales 1, nightstalker 2, spiny 1
a: Upheaval, Elemental Force, Disaster Area, Renounce Religion


You were in the Dungeon.
You worshipped Qazlal.
Qazlal was exalted by your worship.
You were not hungry.

You visited 1 branch

Inventory:

Hand Weapons
 x - a +4 quarterstaff of speed (weapon)
Missiles
 d - 3 throwing nets (quivered)
Armour
 t - a +3 chain mail
 u - a +4 scale mail (worn)
Jewellery
 v - a +3 ring of protection (left hand)
 w - a +3 ring of protection (right hand)
Scrolls
 k - a scroll of blinking
 p - 3 scrolls of remove curse
 q - 5 scrolls of amnesia
 r - a scroll of summoning
Potions
 e - 6 potions of curing
 g - 14 potions of heal wounds
 h - 2 potions of haste
 i - 4 potions of magic
 j - 2 potions of berserk rage
 o - 2 potions of invisibility
 z - a potion of brilliance
 A - a potion of might
 B - 2 potions of cure mutation
Comestibles
 f - 8 bread rations
 m - 40 fruits
 n - 7 meat rations


   Skills:
 + Level 9.1(8.4) Fighting
 + Level 10.4(9.6) Staves
 + Level 2.8(2.2) Throwing
 + Level 7.8(7.1) Armour
 + Level 10.3(9.5) Dodging
 * Level 12.5(11.6) Invocations


You had 8 spell levels left.
You didn't know any spells.

Dungeon Overview and Level Annotations

Branches:
Dungeon (1/1)

Altars:
Ashenzari
Cheibriados
Dithmenos
Elyvilon
Fedhas
Gozag
Kikubaaqudgha
Makhleb
Nemelex Xobeh
Okawaru
Pakellas
Qazlal
Ru
Sif Muna
Trog
Vehumet
Xom
Yredelemnul
Zin
The Shining One
Beogh
Jiyva
Lugonu


Innate Abilities, Weirdness & Mutations

You have a pair of small horns on your head.
You are partially covered in rough black scales (AC +4, Dex -1).
You are significantly more attuned to the shadows.
You are partially covered in sharp spines.


Message History

There is an open door to the Storerooms (Easy) here.
You hit the centaur.
The centaur is lightly wounded.
The centaur is struck by your spines.
The centaur hits you but does no damage.
You sock the centaur!
The centaur is almost dead.
The orc knight roars a battlecry!
The orcs go into a battle-frenzy!
The orc knight unwields an uncursed great mace.
The orc knight wields an arbalest.
The orc knight shoots a bolt.
The bolt is repelled.
The centaur misses you.
You hit the centaur.
You kill the centaur!
Qazlal accepts your kill.
Things that are here:
a bolt; an arrow The vampire mage points at you and mumbles some strange words.
The bolt of negative energy hits you!
You feel drained.
You die...

############ #__________#
#__________#
#_#####'##############++##
#_#.))'.'..##.............
#_#)))#.#?(##.§....#..#...
#######'#####.............
#........@.(Voo..(........
#'#####'#####oo....#E.#...
#.#..#.)#.[##.§.....cVo...
#.#..'..#))#####'#####)'##
#.#..####).##.......##''##
#.#..#..#))##.......##§...
#.#..#..#..##.......##....
#.##'#÷.#'###...<...##...#
#.#...§....##.......##.V##


You could see an orc knight, a vampire mage, 2 orc warriors and an orc
(frenzied).

Vanquished Creatures
  An unseen horror (D)
  A deep elf mage (D)
  An efreet (D)
  A spriggan (D)
  A tarantella (D)
  A vampire mosquito (D)
  A mottled dragon (D)
  A porcupine (D)
  Purgy (D)
  A necrophage (D)
  A black bear (D)
  An ogre (D)
  A centaur (D)
  A crimson imp (D)
  An iron imp (D)
  A gnoll (D)
  A river rat (D)
  A white imp (D)
  3 ufetubi (D)
  An ooze (D)
  A worm (D)
  A goblin (D)
  A hobgoblin (D)
  2 jackals (D)
  A quokka (D)
  A kobold (D)
  2 rats (D)
31 creatures vanquished.

Vanquished Creatures (collateral kills)
  A hydra (D)
1 creature vanquished.

Grand Total: 32 creatures vanquished

Notes
Turn   | Place    | Note
--------------------------------------------------------------
     0 | D        | sugabear the Demonspawn Gladiator began the quest for the Orb.
     0 | D        | Reached XP level 1. HP: 16/16 MP: 1/1
   192 | D        | Found a sacrificial altar of Ru.
   192 | D        | Found a shadowy altar of Dithmenos.
   192 | D        | Found a bloodstained altar of Trog.
   192 | D        | Found a deep blue altar of Sif Muna.
   192 | D        | Found a shimmering altar of Xom.
   192 | D        | Found a sparkling altar of Nemelex Xobeh.
   192 | D        | Found a corrupted altar of Lugonu.
   192 | D        | Found a viscous altar of Jiyva.
   193 | D        | Found a basalt altar of Yredelemnul.
   193 | D        | Found a glowing golden altar of the Shining One.
   193 | D        | Found a shattered altar of Ashenzari.
   193 | D        | Found a white marble altar of Elyvilon.
   193 | D        | Found a snail-covered altar of Cheibriados.
   193 | D        | Found a blossoming altar of Fedhas.
   193 | D        | Found a radiant altar of Vehumet.
   193 | D        | Found a burning altar of Makhleb.
   193 | D        | Found an ancient bone altar of Kikubaaqudgha.
   193 | D        | Found a glowing silver altar of Zin.
   193 | D        | Found a roughly hewn altar of Beogh.
   193 | D        | Found an iron altar of Okawaru.
   194 | D        | Found an oddly glowing altar of Pakellas.
   198 | D        | Found a stormy altar of Qazlal.
   198 | D        | Found an opulent altar of Gozag.
   201 | D        | Became a worshipper of Qazlal Stormbringer
   216 | D        | Reached skill level 3 in Staves
   216 | D        | Gained mutation: You are slightly more attuned to the shadows. [demonic ancestry]
   216 | D        | Reached XP level 2. HP: 6/23 MP: 1/3
   480 | D        | Reached * piety under Qazlal
   656 | D        | Reached ** piety under Qazlal
   656 | D        | Reached skill level 4 in Dodging
   657 | D        | Noticed a necrophage
   663 | D        | Killed a necrophage
   663 | D        | Reached skill level 5 in Staves
   663 | D        | Reached skill level 5 in Dodging
   663 | D        | Reached XP level 3. HP: 15/29 MP: 3/6
   663 | D        | Gained mutation: You are partially covered in sharp spines. [demonic ancestry]
   663 | D        | Reached XP level 4. HP: 18/36 MP: 3/7
   666 | D        | Reached skill level 5 in Invocations
  1069 | D        | Noticed a black bear
  1070 | D        | Noticed Purgy
  1077 | D        | Killed a black bear
  1077 | D        | Reached *** piety under Qazlal
  1077 | D        | Reached skill level 6 in Staves
  1077 | D        | Gained mutation: You have a pair of small horns on your head. [demonic ancestry]
  1077 | D        | Reached XP level 5. HP: 28/42 MP: 7/9
  1086 | D        | Killed Purgy
  1086 | D        | Reached skill level 7 in Dodging
  1086 | D        | Gained mutation: You are partially covered in rough black scales (AC +4, Dex -1). [demonic ancestry]
  1086 | D        | Reached XP level 6. HP: 32/49 MP: 7/11
  1089 | D        | Reached skill level 5 in Fighting
  1103 | D        | Reached **** piety under Qazlal
  1129 | D        | Killed an unseen horror
  1129 | D        | Reached skill level 8 in Staves
  1129 | D        | Reached skill level 5 in Armour
  1129 | D        | Reached skill level 9 in Invocations
  1129 | D        | Reached XP level 7. HP: 38/57 MP: 11/14
  1156 | D        | Reached ***** piety under Qazlal
  1326 | D        | Noticed an efreet
  1326 | D        | Noticed a tarantella
  1335 | D        | Killed a tarantella
  1335 | D        | Reached skill level 10 in Invocations
  1335 | D        | Reached XP level 8. HP: 64/64 MP: 15/15
  1343 | D        | Killed an efreet
  1632 | D        | Noticed a deep elf mage
  1637 | D        | Killed a deep elf mage
  1637 | D        | Reached skill level 11 in Invocations
  1697 | D        | Noticed an orc knight
  1697 | D        | Noticed a vampire mage
  1697 | D        | Noticed a six-headed hydra
  1714 | D        | Reached ****** piety under Qazlal
  1714 | D        | Gained mutation: You are significantly more attuned to the shadows. [demonic ancestry]
  1714 | D        | Reached XP level 9. HP: 25/73 MP: 17/17
  1719 | D        | Killed a six-headed hydra
  1719 | D        | Reached skill level 10 in Staves
  1719 | D        | Reached skill level 10 in Dodging
  1719 | D        | Reached skill level 12 in Invocations
  1738 | D        | Killed from afar by a vampire mage

Vault maps used:
D:        pitsprint

Action                   |  1- 3 |  4- 6 |  7- 9 || total
-------------------------+-------+-------+-------++-------
Melee: Quarterstaff      |    28 |    33 |    41 ||   102
Invok: Elemental Force   |       |       |     1 ||     1
  Use: Potion            |       |       |     1 ||     1
 Stab: Sleeping          |     1 |       |       ||     1
  Eat: Chunk             |       |     1 |     2 ||     3
